 Dungeon Crawl Stone Soup version 0.30-a0-587-gfd7c166f36 (webtiles) character file.

Game seed: 7700487624533406364

392 Citaku the Covered (level 6, -10/56 HPs)
             Began as a Minotaur Fighter on Jan 4, 2023.
             Mangled by an ogre
             ... wielding a +0 giant spiked club
              (25 damage)
             ... on level 4 of the Dungeon.
             The game lasted 00:06:49 (3333 turns).

Citaku the Covered (Minotaur Fighter)               Turns: 3333, Time: 00:06:49

Health: -10/56     AC: 17    Str: 20    XL:     6   Next: 51%
Magic:  5/5        EV:  5    Int:  5    God:
Gold:   265        SH:  4    Dex: 12    Spells: 5/5 levels left

rFire   . . .      SeeInvis .    a - +0 war axe
rCold   . . .      Faith    .    c - +0 buckler
rNeg    . . .      Spirit   .    m - +0 plate armour
rPois   .          Reflect  .    (helmet restricted)
rElec   .          Harm     .    s - +0 cloak
rCorr   .          Rampage  .    (no gloves)
Will    .....                    v - +2 pair of boots Stlth
                                 (no amulet)
HPRegen 0.29/turn                (no ring)
MPRegen 0.09/turn                (no ring)

@: no status effects
A: horns 2, retaliatory headbutt
a: no special abilities


You were on level 4 of the Dungeon.
You visited 1 branch of the dungeon, and saw 4 of its levels.

You collected 265 gold pieces.

Inventory:

Hand Weapons
 a - a +0 war axe (weapon)
Armour
 c - a +0 buckler (worn)
 m - a +0 plate armour (worn)
 s - a +0 cloak (worn)
 v - a +2 pair of boots (worn)
Scrolls
 b - 2 scrolls of vulnerability {unknown}
 g - a scroll of magic mapping {unknown}
 h - a scroll of noise {unknown}
 i - a scroll of poison {unknown}
 j - 5 scrolls of identify {unknown}
 k - a scroll of immolation {unknown}
 o - a scroll of summoning {unknown}
 p - a scroll of torment {unknown}
 q - a scroll of brand weapon {unknown}
 u - a scroll of enchant armour {unknown}
Potions
 d - 2 potions of might
 e - a potion of lignification {unknown}
 f - a potion of brilliance {unknown}
 l - a potion of mutation {unknown}
 n - a potion of haste {unknown}
 r - 4 potions of attraction {unknown}
 t - a potion of curing {unknown}
 w - a potion of cancellation {unknown}
 x - a potion of degeneration {unknown}
 z - a potion of invisibility {unknown}


   Skills:
 + Level 5.0 Fighting
 * Level 5.6 Axes
 * Level 6.3 Armour
 - Level 3.6 Shields


You had 5 spell levels left.
You didn't know any spells.
Your spell library contained the following spells:

 Spells                   Type           Power      Damage    Failure   Level
 Gell's Gravitas          Tloc           0%         N/A       100%        3
 Lesser Beckoning         Tloc           0%         N/A       100%        3
 Teleport Other           Tloc           0%         N/A       100%        3


Dungeon Overview and Level Annotations

Branches:
Dungeon (4/15)
 Temple: D:4-7

Altars:
Elyvilon
Gozag
Hepliaklqana
Makhleb
Nemelex Xobeh
Okawaru
Sif Muna
Uskayaw
Zin


Innate Abilities, Weirdness & Mutations

You have a pair of horns on your head.
You reflexively headbutt those who attack you in melee.


Message History

The goblin shouts!
You headbutt the goblin.
You kill the goblin!
An ogre comes into view. It is wielding a +0 giant spiked club.
Things that are here:
a +0 club; a goblin corpse You block the goblin's attack.
You barely miss the goblin. Your headbutt misses the goblin.
The goblin hits you but does no damage. The goblin barely misses you.
You hit the goblin.
You kill the goblin!
A hobgoblin comes into view.
Things that are here:
a +0 club; a goblin corpse The hobgoblin shouts!
The ogre shouts!
A kobold comes into view. It is wielding a +0 dagger.
The kobold shouts!
You closely miss the hobgoblin. You headbutt the hobgoblin.
You kill the hobgoblin!
The kobold throws a stone.
The stone hits you but does no damage.
The ogre hits you with a +0 giant spiked club.
The kobold hits you but does no damage. The ogre barely misses you.
You furiously retaliate!
You headbutt the ogre. You block the kobold's attack.
You hit the ogre.
The ogre is moderately wounded.
You barely miss the kobold.
The ogre hits you with a +0 giant spiked club!
The kobold hits you but does no damage.
You barely miss the ogre.
The ogre is moderately wounded.
You closely miss the kobold. The kobold hits you with a +0 dagger.
The ogre hits you with a +0 giant spiked club!!
* * * LOW HITPOINT WARNING * * *
The kobold hits you but does no damage.
You barely miss the ogre. Your headbutt misses the ogre.
The ogre is moderately wounded.
You barely miss the kobold.
The ogre hits you with a +0 giant spiked club!!
You die...

######## )# ### ####.#### ### ##
###.###.# #$ ##. ## # #.#
#.##.##.###.##.##.##.# #.#
.#.#.#.#.#.#.#.#.#.#.##.#.#
#..#..#..#..#..#..#........
.#...#.))#)..#...#...##.#.#
....#....#...)#O@K.#..#.#.###.#
#.....#.....#.....#...........#
..#......#......#.....#.#.#######
.....#.......#.......##..........
.....................^....##.####
.##.......##........#............
..........##.................####
###.......##......#..............
# ####.#######.#....<........###.


You could see an ogre and a kobold.

Vanquished Creatures
  A black bear (D:4)
  A phantom (D:4)
  Crazy Yiuf (D:2)
  An orc wizard (D:3)
  4 gnolls (D:4)
  2 adders
  5 dart slugs
  2 worms
  10 orcs
  5 bats
  8 endoplasms
  3 giant cockroaches
  9 goblins
  10 hobgoblins
  8 kobolds
  8 quokkas
  7 ball pythons
  3 frilled lizards
  7 rats
95 creatures vanquished.

Notes
Turn   | Place    | Note
-------+----------+-------------------------------------------
     0 | D:1      | Citaku the Minotaur Fighter began the quest for the Orb.
     0 | D:1      | Reached XP level 1. HP: 19/19 MP: 0/0
   121 | D:1      | Reached XP level 2. HP: 27/27 MP: 1/1
   249 | D:1      | Reached skill level 4 in Armour
   741 | D:1      | Reached XP level 3. HP: 33/33 MP: 2/2
  1107 | D:1      | Found a faded altar of an unknown god.
  1750 | D:2      | Found an opulent altar of Gozag.
  1771 | D:2      | Found a runed translucent door.
  1772 | D:2      | Noticed Crazy Yiuf
  1778 | D:2      | Killed Crazy Yiuf
  1779 | D:2      | Reached XP level 4. HP: 31/40 MP: 3/3
  2128 | D:3      | Reached skill level 5 in Armour
  2217 | D:3      | Reached XP level 5. HP: 43/47 MP: 4/4
  2326 | D:3      | Found a hide-covered altar of Uskayaw.
  2569 | D:3      | Found a glowing silver altar of Zin.
  2639 | D:3      | Found a shimmering blue altar of Sif Muna.
  2641 | D:3      | Found a white marble altar of Elyvilon.
  2645 | D:3      | Found a hazy altar of Hepliaklqana.
  2646 | D:3      | Found an iron altar of Okawaru.
  2646 | D:3      | Found a sparkling altar of Nemelex Xobeh.
  2653 | D:3      | Found a burning altar of Makhleb.
  2730 | D:4      | Noticed a phantom
  2743 | D:4      | Killed a phantom
  2810 | D:4      | Reached skill level 5 in Axes
  2892 | D:4      | Noticed a black bear
  2899 | D:4      | Killed a black bear
  2900 | D:4      | Reached skill level 6 in Armour
  2900 | D:4      | Reached XP level 6. HP: 55/55 MP: 5/5
  2928 | D:4      | Reached skill level 5 in Fighting
  3333 | D:4      | Mangled by an ogre

Illustrated notes

Levels and vault maps discovered:
D:1:      onia_arrival_handbag, layout_basic,
          shapermc_ecumenical_altar_mp_vishouse, serial_rivers,
          chequers_serial_rivers_room_a, chequers_serial_rivers_micro_e,
          chequers_serial_rivers_small_3, chequers_serial_rivers_small_b,
          minmay_stone_trees_small
D:2:      layout_loops_cross, basic_altar, grunt_ministairs_1,
          roderic_serpentine_path, uniq_crazy_yiuf_cottage
D:3:      layout_rooms, lemuel_coloured_pillars_altar, minitemple,
          lemuel_tele_altar
D:4:      layout_basic, minmay_increasing_density

Skill      XL: |  1  2  3  4  5  6 |
---------------+-------------------+-----
Armour         | 4 5 6 |  6.3
Axes           | 3 4 5 |  5.6
Fighting       | 4 5 |  5.0
Shields        | |  3.6

Action                   |  1- 3 |  4- 6 || total
-------------------------+-------+-------++-------
Melee: War axe           |    98 |    94 ||   192
       Headbutt          |     6 |    18 ||    24
Armor: Scale mail        |    22 |       ||    22
       Plate armour      |    28 |    75 ||   103
Dodge: Dodged            |    27 |    29 ||    56
Block: Buckler           |    26 |    20 ||    46

Table legend: (Time is in decaauts)
 A = Elapsed time spent in this place.
 B = Non-inter-level travel time spent in this place.
 C = Inter-level travel time spent in this place.
 D = Time resting spent in this place.
 E = Time spent auto-exploring this place.
 F = Levels seen in this place.
 G = Mean time per level.
                   A        B        C        D        E       F      G
               +--------+--------+--------+--------+--------+-----+--------+
         Total |   3402 |   3402 |      0 |      0 |   2472 |   4 |  850.5 |
       Dungeon |   3402 |   3402 |      0 |      0 |   2472 |   4 |  850.5 |
               +--------+--------+--------+--------+--------+-----+--------+

Top non-repeatable levels by time:
     D:1: 1210 daAuts
     D:2: 874 daAuts
     D:3: 699 daAuts
     D:4: 617 daAuts
